 Dungeon Crawl Stone Soup version 0.30-a0-540-g0af01429fa (webtiles) character file.

Game seed: 7000669427961571943

271 jt the Trooper (level 6, 0/32 HPs)
             Began as a Vine Stalker Wanderer on Dec 25, 2022.
             Slain by a kobold
             ... wielding a +0 club
              (4 damage)
             ... on level 3 of the Dungeon.
             The game lasted 00:09:19 (2808 turns).

jt the Trooper (Vine Stalker Wanderer)              Turns: 2808, Time: 00:09:19

Health: 0/32       AC:  0    Str: 12    XL:     6   Next: 23%
Magic:  0/10       EV: 11    Int: 15    God:
Gold:   102        SH:  0    Dex: 15    Spells: 5/9 levels left

rFire   + . .      SeeInvis .    a - +1 dagger (freeze)
rCold   . . .      Faith    .    (no shield)
rNeg    . . .      Spirit   +    c - +0 robe
rPois   .          Reflect  .    d - +0 helmet
rElec   .          Harm     .    (no cloak)
rCorr   .          Rampage  .    (no gloves)
Will    .....                    (no boots)
Stlth   ++                       (no amulet)
HPRegen 1.05/turn                p - ring of protection from fire
MPRegen 0.12/turn                (no ring)

@: about to teleport, wereblooded (expiring), corroded
A: fangs 2, regeneration 1, magic shield, antimagic bite, no potion heal 2
a: no special abilities


You were on level 3 of the Dungeon.
You visited 1 branch of the dungeon, and saw 3 of its levels.

You collected 102 gold pieces.

Inventory:

Hand Weapons
 a - a +1 dagger of freezing (weapon)
 j - a +0 spear
 t - a +0 hand axe of draining
 u - a +0 spear
Missiles
 f - 43 stones (quivered)
 g - 6 boomerangs
 v - 3 poisoned darts
Armour
 c - a +0 robe (worn)
 d - a +0 helmet (worn)
Magical Staves
 h - a staff of earth
Jewellery
 p - a ring of protection from fire (left hand)
Scrolls
 e - a scroll of teleportation
 i - a scroll of enchant weapon {unknown}
 k - a scroll of poison
 m - a scroll of amnesia {unknown}
 o - a scroll of vulnerability {unknown}
 q - a scroll of fog {unknown}
 r - a scroll of identify {unknown}
 s - 2 scrolls of enchant armour {unknown}
Potions
 b - 3 potions of curing
 l - a potion of invisibility {unknown}
 n - a potion of heal wounds {unknown}


   Skills:
 + Level 3.4 Fighting
 + Level 3.3 Short Blades
 - Level 1.0 Armour
 - Level 1.0 Dodging
 - Level 3.0 Stealth
 - Level 2.1 Spellcasting
 - Level 2.0 Transmutations
 - Level 3.0 Ice Magic


You had 5 spell levels left.
You knew the following spells:

 Your Spells              Type           Power      Damage    Failure   Level
a - Freeze                Ice            40%        1d6       6%          1
b - Beastly Appendage     Tmut           14%        N/A       10%         1
c - Wereblood             Tmut           7%         N/A       14%         2

Your spell library contained the following spells:

 Spells                   Type           Power      Damage    Failure   Level
 Passwall                 Tmut/Erth      3%         N/A       22%         2
 Hailstorm                Conj/Ice       6%         3d4       34%         3
 Spider Form              Tmut/Pois      4%         N/A       41%         3
 Ice Form                 Ice/Tmut       9%         N/A       61%         4
 Simulacrum               Ice/Necr       3%         N/A       100%        6


Dungeon Overview and Level Annotations

Branches:
Dungeon (3/15)

Altars:

Shops:
D:2 (=

Annotations:
D:2 1 runed translucent door, Crazy Yiuf


Innate Abilities, Weirdness & Mutations

You have extremely sharp teeth.
Your natural rate of healing is unusually fast.
When hurt, damage is shared between your health and your magic reserves.
Your bite disrupts and absorbs the magic of your enemies.
Potions cannot restore your health.


Message History

The kobold brigand barely misses you.
The kobold brigand hits you with a +0 dagger.
You puncture the kobold! You freeze the kobold.
You feel a bit better.
You kill the kobold!
Your primal bloodlust is almost over.
The kobold completely misses you.
The kobold brigand hits you with a +0 whip!
The kobold brigand closely misses you.
You hit the kobold brigand. You freeze the kobold brigand.
You bite the kobold brigand, but do no damage.
The kobold brigand is heavily wounded.
You howl as the wereblood boils in your veins!
You completely miss the kobold brigand. You bite the kobold brigand!
You drain its power.
You feel invigorated.
The kobold brigand is severely wounded.
The kobold hits you with a +0 club.
The kobold brigand hits you with a +0 whip.
The kobold brigand closely misses you. The kobold closely misses you.
Press: ? - help, v - describe, . - travel, g - get item
Here: a kobold brigand, wielding a +0 whip and quivering curare-tipped darts
Items here: ( )) ††.
The floor.
You hit the kobold brigand. You freeze the kobold brigand.
The kobold brigand is severely wounded.
The kobold misses you. The kobold brigand barely misses you.
The kobold brigand hits you with a +0 dagger.
The kobold hits you with a +0 club.
Okay, then.
Okay, then.
As you read the scroll of teleportation, it crumbles to dust.
You feel strangely unstable.
You howl as the wereblood boils in your veins!
The kobold hits you with a +0 club.
The kobold brigand hits you with a +0 whip!
* * * LOW HITPOINT WARNING * * *
The kobold brigand barely misses you. The kobold hits you with a +0 club.
* * * LOW HITPOINT WARNING * * *
Unknown command.
You closely miss the kobold. The kobold hits you with a +0 club.
You die...

########################
#..............#.......#
#.....KKK......))......#
#...).K@.......#########
....########..........#. ...
#..........'. . #..........#.
.......######### ≈≈≈≈≈# ........'
# ≈≈≈≈≈# ........#. # ≈≈≈≈≈#
#######################
≈≈≈≈≈#####≈≈≈≈≈≈≈≈≈≈≈≈≈≈≈≈≈≈≈≈~~~


You could see 2 kobold brigands and 2 kobolds.

Vanquished Creatures
  A kobold brigand (D:3)
  A jelly (D:3)
  4 gnolls (D:3)
  3 adders (D:2)
  2 worms
  3 dart slugs
  3 orcs (D:3)
  8 bats
  An endoplasm (D:2)
  3 giant cockroaches
  3 goblins
  9 hobgoblins
  3 jackals (D:1)
  A quokka (D:1)
  11 ball pythons
  5 frilled lizards
  24 kobolds
  7 rats
92 creatures vanquished.

Notes
Turn   | Place    | Note
-------+----------+-------------------------------------------
     0 | D:1      | jt the Vine Stalker Wanderer began the quest for the Orb.
     0 | D:1      | jt set off with the following items: a +0 dagger, a potion
                  | of curing, a +0 robe, a +0 helmet; and the following spells
                  | available to memorise: Freeze, Beastly Appendage,
                  | Wereblood, Passwall, Hailstorm.
     0 | D:1      | Reached XP level 1. HP: 9/9 MP: 4/4
     2 | D:1      | Learned a level 1 spell: Freeze
    81 | D:1      | Reached XP level 2. HP: 5/14 MP: 0/6
   165 | D:1      | Reached skill level 1 in Fighting
   165 | D:1      | Reached skill level 1 in Short Blades
   347 | D:1      | Reached XP level 3. HP: 18/18 MP: 7/7
   600 | D:1      | Learned a level 1 spell: Beastly Appendage
   603 | D:1      | Learned a level 2 spell: Wereblood
  1017 | D:2      | Found Cad Yci's Antique Weapon Emporium.
  1185 | D:2      | Gained mutation: Your natural rate of healing is unusually
                  | fast. [Vine Stalker growth]
  1185 | D:2      | Reached XP level 4. HP: 18/23 MP: 3/8
  1267 | D:2      | Found Pozuokk's Jewellery Shop.
  1518 | D:2      | Found a runed translucent door.
  1519 | D:2      | Noticed Crazy Yiuf
  2139 | D:3      | Reached XP level 5. HP: 23/27 MP: 7/9
  2375 | D:3      | Noticed a kobold brigand
  2631 | D:3      | Killed a kobold brigand
  2759 | D:3      | Reached XP level 6. HP: 23/32 MP: 3/10
  2808 | D:3      | Slain by a kobold

Illustrated notes

Levels and vault maps discovered:
D:1:      minmay_arrival_nine_rooms, layout_basic, hex_medium, minmay_cut_off
D:2:      layout_basic, serial_shops, shop, nicolae_diamond_shop,
          uniq_crazy_yiuf_cottage
D:3:      minmay_goblin_kobold_castle, layout_basic

Skill      XL: |  1  2  3  4  5 |
---------------+----------------+-----
Fighting       | 1 2 3 |  3.4
Short Blades   | 1 2 3 |  3.3
Stealth        | 3 |  3.0
Armour         | |  1.0
Dodging        | |  1.0
Spellcasting   | |  2.1
Transmutations | |  2.0
Ice Magic      | |  3.0

Action                   |  1- 3 |  4- 6 || total
-------------------------+-------+-------++-------
Melee: Dagger            |    89 |   166 ||   255
       Bite              |    13 |    44 ||    57
       Kick              |     1 |     2 ||     3
       Headbutt          |     1 |     1 ||     2
Throw: Boomerang         |     2 |     3 ||     5
       Stone             |     1 |    13 ||    14
 Cast: Freeze            |     4 |       ||     4
       Beastly Appendage |     3 |     2 ||     5
       Wereblood         |     2 |     5 ||     7
  Use: Scroll            |     1 |     2 ||     3
 Stab: Sleeping          |     5 |       ||     5
Armor: Robe              |    21 |    21 ||    42
Dodge: Dodged            |    50 |   113 ||   163

Table legend: (Time is in decaauts)
 A = Elapsed time spent in this place.
 B = Non-inter-level travel time spent in this place.
 C = Inter-level travel time spent in this place.
 D = Time resting spent in this place.
 E = Time spent auto-exploring this place.
 F = Levels seen in this place.
 G = Mean time per level.
                   A        B        C        D        E       F      G
               +--------+--------+--------+--------+--------+-----+--------+
         Total |   2782 |   2657 |    125 |     95 |   1457 |   3 |  927.3 |
       Dungeon |   2782 |   2657 |    125 |     95 |   1457 |   3 |  927.3 |
               +--------+--------+--------+--------+--------+-----+--------+

Top non-repeatable levels by time:
     D:1: 1009 daAuts
     D:3: 995 daAuts
     D:2: 777 daAuts
